AoeStats
← Joaking

Golden Pit

508042184Analyzed
1v1 RM · 11d ago on Sep 20, 2026· 51m 27s· 2 players
Game mode
Random Map
Map size
Tiny (2 player)
Population
200
Speed
Normal
Resources
Standard
Victory
Conquest
Starting age
Dark Age
Ending age
Imperial Age
RankedLock teamsTeams togetherTeam positionsShared explorationLock speedFull tech treeHidden civsTurbo modeCheats
Victory
Defeat
🇨🇱 Saracens · Chile
1068
+18
🇩🇪 Teutons · Germany
1105
-18
Joaking
8:38 Loom
10:50 Feudal Age
20:24 Castle Age
23:22 Double-Bit Axe
27:01 Scale Barding Armor
27:29 Fletching
32:03 Bloodlines
31:53 Husbandry
32:32 Chain Barding Armor
33:10 Forging
34:59 Bow Saw
34:30 Horse Collar
35:53 Wheelbarrow
39:11 Imperial Age
36:39 Light Cavalry
39:08 Iron Casting
39:12 Elite Mameluke
40:31 Plate Barding Armor
39:19 Hussar
41:12 Conscription
41:06 Thumb Ring
martinski
10:50 Feudal Age
18:43 Castle Age
16:56 Horse Collar
17:29 Double-Bit Axe
17:58 Stone Mining
18:37 Gold Mining
19:37 Wheelbarrow
20:04 Heavy Plow
24:16 Bow Saw
29:31 Imperial Age
28:38 Hand Cart
29:25 Ballistics
28:30 Pikeman
30:43 Halberdier
35:55 Chemistry
36:41 Crenellations
37:19 Heavy Scorpion
40:43 Stone Shaft Mining
40:41 Crop Rotation
Connection lost

Rejoining the realm…

Still unreachable

The connection could not be restored.

Session expired

The server has moved on; the page needs a fresh start.